Map: Gresvan LE

Players

Aristori

  • Race: Zerg Zerg
  • Spawn Location: 5:00

NightMare - Winner!

  • Race: Protoss Protoss
  • Spawn Location: 11:00

Event: ESL SC2 Masters 2023 Summer (Finals)

VOD

Have the link to the VOD?

Description

Time

  • Played on: June 16, 2023, 5:11 a.m.
  • Length: 7:26

All games in this series

Show
View Real Time Build Order
Export as new Build Order

Aristori Zerg 

Build Orders: Hatch First 

Get SALT Encoding   

  12  0:00  Drone  
  13  0:12  Overlord  
  13  0:17  Drone  
  14  0:30  Drone  
  14  0:31  Drone  
  16  0:46  Drone  
  17  0:50  Hatchery  
  17  0:54  Drone  
  17  0:58  Drone  
  18  1:08  Extractor  
  17  1:13  Spawning Pool  
  17  1:16  Drone  
  17  1:20  Drone  
  18  1:28  Drone  
  19  1:39  Drone  
  20  1:58  Overlord  
  20  2:01  Queen  
  20  2:03  Queen, Zergling x2  
  20  2:04  Drone  
  26  2:11  Zergling x2  
  26  2:13  Metabolic Boost  
  27  2:15  Drone  
  27  2:21  Drone  
  29  2:24  Drone  
  30  2:33  Drone  
  31  2:39  Queen  
  33  2:44  Hatchery  
  33  2:49  Overlord  
  32  2:52  Drone  
  32  2:53  Drone  
  34  3:01  Overlord  
  34  3:02  Drone  
  36  3:12  Drone  
  36  3:13  Drone x3  
  37  3:21  Spore Crawler  
  37  3:24  Queen  
  37  3:25  Drone x2  
  40  3:27  Queen  
  40  3:33  Drone x3  
  45  3:38  Drone  
  46  3:41  Drone  
  46  3:43  Drone  
  46  3:44  Drone x3  
  46  3:48  Overlord  
  48  4:00  Drone x4  
  48  4:01  Queen  
  52  4:03  Spore Crawler  
  52  4:09  Drone  
  52  4:10  Drone x2  
  54  4:18  Queen, Spore Crawler  
  54  4:22  Drone x2, Evolution Chamber  
  56  4:29  Drone x4  
  60  4:40  Drone  
  60  4:41  Drone x4  
  64  4:47  Zerg Melee Weapons Level 1  
  64  4:52  Overlord x2  
  62  5:00  Overlord  
  62  5:08  Lair  
  62  5:10  Hatchery  
  62  5:12  Overlord  
  62  5:13  Drone x6  
  67  5:18  Zergling x6  
  70  5:21  Drone  
  70  5:22  Drone x4  
  70  5:24  Drone  
  76  5:32  Zergling x2  
  76  5:33  Zergling x8  
  81  5:37  Extractor  
  81  5:38  Extractor, Zergling x8  
  83  5:47  Overlord  
  83  5:48  Overlord  
  82  5:55  Zergling x2  
  82  5:56  Zergling x12  
  89  6:03  Overlord  
  88  6:08  Zergling x12, Hydralisk Den  
  90  6:20  Zergling x12  
  94  6:28  Zergling x10  
  95  6:38  Hydralisk x7  
  103  6:45  Hydralisk  
  97  6:48  Zergling x10  
  97  6:52  Hydralisk  
  101  6:57  Overlord  
  101  6:59  Hydralisk  
  97  7:03  Overlord x2  
  97  7:08  Overlord x2  
Show
View Real Time Build Order
Export as new Build Order

NightMare Protoss - Winner!

Build Orders: 1 Gate Expand, Oracle Opening 

Get SALT Encoding   

  12  0:00  Probe  
  13  0:14  Pylon  
  13  0:18  Probe (Chrono Boost)  
  15  0:28  Probe (Chrono Boost)  
  15  0:33  Probe (Chrono Boost)  
  16  0:41  Gateway  
  16  0:44  Probe  
  16  0:49  Assimilator  
  17  0:56  Probe  
  18  1:08  Probe  
  19  1:20  Probe  
  20  1:28  Nexus  
  20  1:37  Cybernetics Core  
  20  1:40  Probe  
  21  1:47  Assimilator  
  21  1:52  Probe  
  22  1:56  Pylon  
  22  2:04  Probe  
  23  2:11  Adept (Chrono Boost)  
  25  2:16  Probe  
  25  2:20  Stargate  
  26  2:28  Probe  
  27  2:34  Adept, Warp Gate  
  29  2:41  Probe x2  
  31  2:53  Probe x2  
  33  3:00  Oracle (Chrono Boost)  
  33  3:05  Probe x2  
  38  3:06  Adept  
  40  3:17  Probe x2  
  40  3:19  Gateway  
  42  3:22  Pylon  
  42  3:29  Probe x2  
  44  3:38  Oracle (Chrono Boost)  
  47  3:41  Probe x2  
  49  3:51  Nexus  
  49  3:54  Probe x2  
  51  4:01  Pylon  
  51  4:05  Twilight Council  
  51  4:06  Probe x2  
  53  4:18  Probe  
  53  4:19  Probe  
  53  4:22  Gateway, Stalker  
  57  4:24  Assimilator  
  57  4:26  Assimilator  
  57  4:30  Pylon  
  57  4:31  Probe x2, Blink (Chrono Boost)  
  59  4:43  Probe x2  
  61  4:53  Gateway  
  61  4:54  Gateway  
  61  4:55  Gateway  
  61  4:56  Gateway  
  62  5:00  Probe x2  
  62  5:07  Stalker  
  65  5:08  Stalker  
  65  5:12  Probe x2  
  65  5:13  Probe  
  70  5:18  Stalker  
  72  5:26  Probe x3  
  75  5:32  Pylon  
  75  5:34  Stalker x2  
  79  5:48  Stalker x2  
  79  5:49  Stalker  
  85  5:50  Stalker x2  
  85  5:53  Gateway  
  85  5:56  Pylon  
  89  6:03  Stalker x2  
  93  6:09  Pylon  
  93  6:10  Pylon  
  93  6:12  Pylon  
  93  6:22  Stalker x4  
  101  6:29  Stalker x3  
  107  6:33  Pylon  
  99  6:49  Stalker  
  99  6:51  Stalker x3  
  103  6:54  Stalker x2  
  107  7:09  Stalker x2  
  111  7:20  Stalker x5  
Tags
 
Add a new tag
Caveats
  • Supply blocks, unpowered buildings, or Contaminate may cause inaccurate times.
  • Supply counts are checked every 10 seconds.